 Dungeon Crawl Stone Soup version 0.29-a0-275-g389c0b56f3 (webtiles) character file.

Game seed: 12949202376533296895

38 ImHallYall the Grasshopper (level 3, -10/30 HPs)
             Began as a Ghoul Warper on Mar 11, 2022.
             Was a Priest of Jiyva.
             Mangled by Menkaure (22 damage)
             ... on level 5 of the Dungeon.
             The game lasted 00:09:45 (2657 turns).

ImHallYall the Grasshopper (Ghoul Warper)           Turns: 2657, Time: 00:09:45

Health: -10/30     AC:  5    Str: 14    XL:     3   Next: 43%
Magic:  4/4        EV:  8    Int:  8    God:    Jiyva [***...]
Gold:   53         SH:  6    Dex: 10    Spells: 5/5 levels left

rFire   . . .      SeeInvis .   a - +0 falchion
rCold   + . .      Faith    .   k - +0 kite shield
rNeg    + + +      Spirit   .   e - +0 ring mail
rPois   ∞          Reflect  .   (no helmet)
rElec   .          Harm     .   (no cloak)
rCorr   +          Rampage  .   (no gloves)
Will    .....                   (no boots)
Stlth   ..........              (no amulet)
HPRegen 1.12/turn               (no ring)
MPRegen 0.44/turn               (no ring)

@: inhibited regen
A: claws 1, cold resistance 1, negative energy resistance 3, inhibited
regeneration, torment resistance 2
a: Renounce Religion, Oozemancy


You were on level 5 of the Dungeon.
You worshipped Jiyva.
Jiyva was most pleased with you.
You visited 1 branch of the dungeon, and saw 5 of its levels.

You collected 53 gold pieces.

Inventory:

Hand Weapons
 a - a +0 falchion (weapon)
 f - a +0 dagger
 l - the +3 woodcutter's axe {vorpal}
   (You found it on level 2 of the Dungeon)

   It inflicts extra damage upon your enemies.
 m - a +0 short sword
Missiles
 d - 3 boomerangs of dispersal (quivered)
Armour
 b - a +0 leather armour
 e - a +0 ring mail (worn)
 k - a +0 kite shield (worn)
Scrolls
 c - a scroll of blinking


   Skills:
 + Level 2.4 Fighting
 + Level 2.4 Long Blades
 + Level 0.8 Throwing
 + Level 1.2 Armour
 + Level 1.9 Dodging
 + Level 0.1 Shields
 + Level 1.9 Spellcasting
 + Level 3.0 Translocations


You had 5 spell levels left.
You didn't know any spells.
Your spell library contained the following spells:

 Spells                   Type           Power      Damage    Failure   Level
 Blink                    Tloc           10%        N/A       75%         2
 Gell's Gravitas          Tloc           5%         N/A       93%         3
 Lesser Beckoning         Tloc           5%         N/A       93%         3
 Teleport Other           Tloc           5%         N/A       93%         3
 Manifold Assault         Tloc           5%         N/A       100%        5


Dungeon Overview and Level Annotations

Branches:
Dungeon (5/15)             Temple (0/1) D:5

Altars:
Trog
Jiyva

Annotations:
D:5 Menkaure


Innate Abilities, Weirdness & Mutations

You thrive by killing the living.
You are immune to poison.
You have sharp fingernails.
Your flesh is cold resistant. (rC+)
You are immune to negative energy. (rN+++)
You do not regenerate when monsters are visible.
You are immune to unholy pain and torment.


Message History

You kill the orc!
Things that are here:
a +0 whip; a +0 ring mail You start waiting.
Done waiting.
Found a staircase to the Ecumenical Temple.
Found a stone staircase leading down.
Found 11 gold pieces.
Found a stone staircase leading up.
You now have 53 gold pieces (gained 11).
Menkaure, Prince of Dust comes into view.
Found a leather armour.
Menkaure shouts!
Menkaure mumbles some strange words.
Menkaure seems to speed up.
You hit Menkaure.
Menkaure is lightly damaged.
Menkaure hits you. Menkaure barely misses you.
Jiyva says: Divide and consume!
You barely miss Menkaure. Menkaure hits you!
Throw: 4 boomerangs (disperse)
Press: ? - help, Q - select action, (/) - cycle Shift-Dir - straight line, f - Menkaure
Aim: Menkaure (fast, 72% to hit)
You throw a boomerang of dispersal.
The boomerang of dispersal hits Menkaure.
Menkaure blinks!
Menkaure is lightly damaged.
You hear a distant slurping noise.
Menkaure attacks as you move away! Menkaure hits you but does no damage.
You hear a distant slurping noise.
Menkaure hits you!
You hear a distant slurping noise.
Menkaure hits you but does no damage.
You hear a distant slurping noise.
You hear a squelching noise.
Menkaure attacks as you move away! Menkaure barely misses you.
Menkaure attacks as you move away! Menkaure barely misses you.
You hear a distant slurping noise.
Menkaure attacks as you move away! Menkaure hits you! Menkaure hits you!!
Ouch! That really hurt!
You die...

#.###### ##
##.#.... ..#
#..#.>.#.>
#..#.... ^..##.
#..##########.....
#.......#...#.....
#.#####...###.....
#.# ##.## .... #@#
#.# ... #M# #.#
#.# #.# #.# #<#
#.# ###.#######)#
#.# #............
#########.#
#.###########
.....[....# #.#
.########## #.#
#.#


You could see Menkaure (fast).

Vanquished Creatures
  An adder (D:4)
  An orc (D:5)
  An endoplasm (D:1)
  3 giant cockroaches (D:1)
  3 goblins (D:1)
  A hobgoblin (D:1)
  2 jackals (D:1)
  3 quokkas
  2 ball pythons (D:1)
  2 bats (D:1)
  2 frilled lizards (D:1)
  2 kobolds
  2 rats
25 creatures vanquished.

Vanquished Creatures (others)
  A dart slug (D:2)
  An orc (D:3)
  2 endoplasms
  A giant cockroach (D:1)
  6 goblins
  2 hobgoblins (D:1)
  2 quokkas
  3 bats (D:1)
  3 frilled lizards
  2 kobolds
  2 rats
  5 fungi
  14 plants (D:1)
44 creatures vanquished.

Grand Total: 69 creatures vanquished

Notes
Turn   | Place    | Note
-------+----------+-------------------------------------------
     0 | D:1      | ImHallYall the Ghoul Warper began the quest for the Orb.
     0 | D:1      | Reached XP level 1. HP: 17/17 MP: 2/2
    76 | D:1      | Found a faded altar of an unknown god.
    99 | D:1      | Prayed at the altar of an unknown god.
    99 | D:1      | Became a worshipper of Jiyva Jarigudd the Shapeless
    99 | D:1      | Reached * piety under Jiyva
   370 | D:1      | Reached XP level 2. HP: 21/24 MP: 3/3
   381 | D:1      | Reached skill level 1 in Armour
   448 | D:1      | Reached skill level 3 in Translocations
  1077 | D:1      | Reached XP level 3. HP: 28/30 MP: 4/4
  1107 | D:1      | Reached ** piety under Jiyva
  1389 | D:2      | Found the +3 woodcutter's axe {vorpal}
  2192 | D:3      | Found a faded altar of an unknown god.
  2192 | D:3      | Reached *** piety under Jiyva
  2197 | D:3      | Found a bloodstained altar of Trog.
  2483 | D:5      | Entered Level 5 of the Dungeon
  2625 | D:5      | Found a staircase to the Ecumenical Temple.
  2643 | D:5      | Noticed Menkaure
  2657 | D:5      | Mangled by Menkaure

Illustrated notes

Levels and vault maps discovered:
D:1:      lemuel_arrival_muddy, layout_basic, basic_ecumenical_altar,
          minmay_worlds_worst_comb
D:2:      layout_loops_corners, basic_altar, serial_shops, nicolae_shop_crystal,
          grunt_decor_clamped
D:3:      layout_basic, mainiacjoe_overflow_brackets,
          nicolae_overflow_ecumenical_swirl, minmay_diced_spiral
D:4:      layout_basic, mainiacjoe_overflow_alcove_4,
          mainiacjoe_overflow_catwalk_spiral
D:5:      layout_loops_ring, minmay_temple_entry_from_below_a,
          uniq_crazy_yiuf_cottage, uniq_menkaure, uniq_grinder

Skill      XL: |  1  2 |
---------------+-------+-----
Long Blades    | 2 |  2.4
Armour         | 1 |  1.2
Translocations | 3 |  3.0
Fighting       | |  2.4
Throwing       | |  0.8
Dodging        | |  1.9
Shields        | |  0.1
Spellcasting   | |  1.9

Action                   || total
-------------------------++-------
Melee: Falchion          ||   144
       Punch             ||     2
Throw: Boomerang         ||     4
  Use: Scroll            ||     3
       Potion            ||     3
Armor: Ring mail         ||    88
Dodge: Dodged            ||   126
Block: Kite shield       ||    14

Table legend: (Time is in decaauts)
 A = Elapsed time spent in this place.
 B = Non-inter-level travel time spent in this place.
 C = Inter-level travel time spent in this place.
 D = Time resting spent in this place.
 E = Time spent auto-exploring this place.
 F = Levels seen in this place.
 G = Mean time per level.
                   A        B        C        D        E       F      G
               +--------+--------+--------+--------+--------+-----+--------+
         Total |   2698 |   2698 |      0 |   1377 |    294 |   5 |  539.6 |
       Dungeon |   2698 |   2698 |      0 |   1377 |    294 |   5 |  539.6 |
               +--------+--------+--------+--------+--------+-----+--------+

Top non-repeatable levels by time:
     D:1: 1137 daAuts
     D:3: 997 daAuts
     D:2: 335 daAuts
     D:5: 178 daAuts
     D:4: 50 daAuts
